 Dungeon Crawl Stone Soup version 0.26-a0-682-g294304f6e8 (webtiles) character file.

Game seed: 619569955000074461

753 Kinoniko the Skirmisher (level 7, -3/76 HPs)
             Began as an Ogre Fighter on Oct 20, 2020.
             Was a Follower of Trog.
             Slain by an ice beast (4 damage)
             ... on level 5 of the Dungeon.
             The game lasted 00:06:12 (4526 turns).

Kinoniko the Skirmisher (Ogre Fighter)              Turns: 4526, Time: 00:06:13

Health: -3/76      AC:  4    Str: 21    XL:     7   Next: 78%
Magic:  7/7        EV:  9    Int:  9    God:    Trog [*.....]
Gold:   202        SH: 12    Dex:  8    Spells: 6/6 levels left

rFire    . . .     SeeInvis .   a - +1 trident
rCold    + . .     Faith    .   c - +3 kite shield
rNeg     . . .     Spirit   .   b - +0 robe
rPois    .         Reflect  .   (helmet restricted)
rElec    .         Harm     .   (no cloak)
rCorr    .         Rampage  .   (gloves unavailable)
MR       .....                  (boots unavailable)
Stlth    +.........             l - amulet of regeneration
HPRegen  0.62/turn              n - ring of protection from cold
MPRegen  0.10/turn              (no ring)

@: berserk cooldown, flying, slowed, very slow
A: large, unfitting armour, molten scales 1, clumsy 1, deformed body, tough skin
1
a: Berserk, Renounce Religion


You were on level 5 of the Dungeon.
You worshipped Trog.
Trog was aware of your devotion.
You visited 2 branches of the dungeon, and saw 6 of its levels.

You collected 202 gold pieces.

Inventory:

Hand Weapons
 a - a +1 trident (weapon)
Armour
 b - a +0 robe (worn)
 c - a +3 kite shield (worn)
Jewellery
 g - an uncursed ring of fire
 k - an uncursed amulet of reflection {unknown}
 l - an amulet of regeneration (around neck)
 n - a ring of protection from cold (left hand)
 o - an uncursed ring of ice {unknown}
 q - an uncursed amulet of guardian spirit {unknown}
Wands
 d - a wand of polymorph (7)
Scrolls
 e - 3 scrolls of fear
 s - 3 scrolls of identify
Potions
 i - a potion of berserk rage
 p - a potion of flight


   Skills:
 + Level 6.7 Fighting
 * Level 6.2 Polearms
 - Level 2.7 Dodging
 + Level 4.6 Shields


You had 6 spell levels left.
You didn't know any spells.
Your spell library contained the following spells:

 Spells                   Type           Power        Failure   Level
 Summon Small Mammal      Summ           #...         71%         1
 Call Imp                 Summ           #.......     83%         2
 Call Canine Familiar     Summ           #.......     97%         3
 Summon Guardian Golem    Hex/Summ       #.......     97%         3
 Summon Ice Beast         Ice/Summ       #.......     100%        4
 Summon Lightning Spire   Summ/Air       #.......     100%        4


Dungeon Overview and Level Annotations

Branches:
Dungeon (5/15)             Temple (1/1) D:4

Altars:
Ashenzari
Dithmenos
Elyvilon
Gozag
Hepliaklqana
Kikubaaqudgha
Makhleb
Nemelex Xobeh
Okawaru
Qazlal
Ru
Sif Muna
Trog
Uskayaw
Vehumet
Wu Jian
Xom
Yredelemnul

Shops:
D:4 }


Innate Abilities, Weirdness & Mutations

You are too large for most types of armour.
You have tough skin. (AC +1)
You are partially covered in molten scales. (AC +2)
You are clumsy. (Dex -2)
Armour fits poorly on your strangely shaped body.


Message History

Something hits you but does no damage. You block the ice beast's attack.
You hit the ice beast.
The ice beast is almost dead.
You block something's attack. The ice beast hits you.
* * * LOW HITPOINT WARNING * * *
The ice beast freezes you! You resist.
* * * LOW HITPOINT WARNING * * *
Something hits you.
* * * LOW HITPOINT WARNING * * *
Something shocks you.
* * * LOW HITPOINT WARNING * * *
Unknown command.
It was a potion of mutation.
You feel extremely strange.
You feel clumsy.
Your body twists and deforms.
Molten scales grow over part of your body.
You block the ice beast's attack. Something hits you but does no damage.
The ice beast hits you.
* * * LOW HITPOINT WARNING * * *
The ice beast freezes you. You resist.
You die...

≈≈≈≈. ≈≈§≈.≈≈≈≈≈..#
..§§..........§§(.#
§≈§.≈≈§≈≈.≈≈§≈§..# ≈
#§.§# #≈.≈# #§§.# ≈.
#≈.§# #≈.≈# #≈..###
§§≈###≈.§###≈.≈###≈.....
≈.≈≈§§§§≈≈§≈≈§§§≈≈≈..###
...§§§§§...§§........#
≈.§§§≈≈@≈§≈≈§.≈≈≈≈§.##
§.≈###{Y≈###≈§≈###≈.#
#≈.≈# #§§≈# #§.# #§.§#
#≈.§# #≈.# ≈≈≈§§§≈≈§§≈≈
§≈.# §§..§§§........§..
§§≈≈.≈≈≈§§.≈≈≈≈§§..
###§.≈###


You could see an ice beast.

Vanquished Creatures
  Edmund (D:4)
  An ogre (D:5)
  A howler monkey (D:4)
  A hound (D:5)
  A jelly (D:5)
  7 orc wizards
  Terence (D:3)
  2 worker ants (D:4)
  A hound skeleton (D:5)
  3 gnolls (D:5)
  3 adders
  A shadow imp (D:5)
  3 oozes
  6 worms
  A dart slug (D:3)
  2 leopard geckos
  11 orcs
  3 ball pythons
  5 bats
  3 giant cockroaches
  4 goblins
  3 hobgoblins
  8 jackals
  3 quokkas
  4 frilled lizards
  A jackal skeleton (D:4)
  A jackal zombie (D:5)
  3 kobolds
  A quokka skeleton (D:5)
  6 rats
91 creatures vanquished.

Notes
Turn   | Place    | Note
-------+----------+-------------------------------------------
     0 | D:1      | Kinoniko the Ogre Fighter began the quest for the Orb.
     0 | D:1      | Reached XP level 1. HP: 24/24 MP: 1/1
    89 | D:1      | Found a shimmering altar of Xom.
   924 | D:2      | Reached XP level 2. HP: 32/32 MP: 2/2
  1223 | D:2      | Reached XP level 3. HP: 16/40 MP: 3/3
  1761 | D:2      | Found an ornate altar of the Wu Jian Council.
  1800 | D:2      | Found a sacrificial altar of Ru.
  2226 | D:3      | Reached XP level 4. HP: 44/49 MP: 4/4
  2554 | D:3      | Reached skill level 5 in Fighting
  2587 | D:3      | Noticed Terence
  2588 | D:3      | Found a stormy altar of Qazlal.
  2588 | D:3      | Noticed an air elemental
  2596 | D:3      | Killed Terence
  2596 | D:3      | Reached XP level 5. HP: 57/57 MP: 5/5
  2750 | D:3      | Noticed a fire elemental
  2750 | D:3      | Noticed a water elemental
  3180 | D:4      | Reached XP level 6. HP: 42/66 MP: 6/6
  3267 | D:4      | Found a staircase to the Ecumenical Temple.
  3278 | Temple   | Entered the Ecumenical Temple
  3388 | Temple   | Became a worshipper of Trog the Wrathful
  3601 | D:4      | Noticed Edmund
  3610 | D:4      | Killed Edmund
  3610 | D:4      | Reached skill level 5 in Polearms
  3913 | D:4      | Found Kicwy's Gadget Shoppe.
  3974 | D:4      | Reached XP level 7. HP: 69/75 MP: 7/7
  4098 | D:5      | Entered Level 5 of the Dungeon
  4368 | D:5      | Reached * piety under Trog
  4525 | D:5      | HP: 3/76 [something (5)]
  4526 | D:5      | Gained mutation: You are clumsy. (Dex -2) [potion of
                  | mutation]
  4526 | D:5      | Gained mutation: Armour fits poorly on your strangely
                  | shaped body. [potion of mutation]
  4526 | D:5      | Gained mutation: You are partially covered in molten
                  | scales. (AC +2) [potion of mutation]
  4526 | D:5      | HP: 1/76 [ice beast (3)]
  4526 | D:5      | Slain by an ice beast

Illustrated notes

Levels and vault maps discovered:
D:1:      lightli_arrival_farm, layout_basic, xom_teletrap_fun
D:2:      layout_loops_ring, grunt_temple_overflow_open, st_stairs_5,
          moated_statue, kennysheep_nub
D:3:      layout_loops_corners, nicolae_qazlal_style_of_elements, uniq_terence
D:4:      layout_rooms, minmay_temple_entry_stoned_glass, serial_shops,
          kennysheep_mini_moat, uniq_edmund
D:5:      minmay_opposing_rooms, layout_basic, kennysheep_boxes,
          uniq_blork_the_orc
Temple:   kb_temple_of_zot

Skill      XL: |  1  2  3  4  5  6  7 |
---------------+----------------------+-----
Shields        | 3 4 |  4.6
Polearms       | 3 4 5 6 |  6.2
Fighting       | 5 6 |  6.7
Dodging        | |  2.7

Action                   |  1- 3 |  4- 6 |  7- 9 || total
-------------------------+-------+-------+-------++-------
Melee: Trident           |   131 |   158 |    77 ||   366
Invok: Berserk           |       |       |     1 ||     1
  Use: Scroll            |    12 |       |       ||    12
       Potion            |       |     2 |     9 ||    11
 Stab: Sleeping          |       |     1 |       ||     1
Armor: Robe              |    19 |    22 |    21 ||    62
Dodge: Dodged            |    28 |    36 |    20 ||    84
Block: Kite shield       |    41 |    65 |    37 ||   143

Table legend: (Time is in decaauts)
 A = Elapsed time spent in this place.
 B = Non-inter-level travel time spent in this place.
 C = Inter-level travel time spent in this place.
 D = Time resting spent in this place.
 E = Time spent auto-exploring this place.
 F = Levels seen in this place.
 G = Mean time per level.
                   A        B        C        D        E       F      G
               +--------+--------+--------+--------+--------+-----+--------+
         Total |   4627 |   4513 |    114 |    985 |   2771 |   6 |  771.2 |
       Dungeon |   4510 |   4396 |    114 |    985 |   2678 |   5 |  902.0 |
        Temple |    116 |    116 |      0 |      0 |     93 |   1 |  116.0 |
               +--------+--------+--------+--------+--------+-----+--------+

Top non-repeatable levels by time:
     D:3: 1164 daAuts
     D:2: 1135 daAuts
     D:1: 929 daAuts
     D:4: 836 daAuts
     D:5: 444 daAuts
  Temple: 116 daAuts
